 Dungeon Crawl Stone Soup version 0.29-a0-359-g541a27f54d (webtiles) character file.

Game seed: 11719046971680678071

778 Sweeb the Slasher (level 7, -9/42 HPs)
             Began as a Tengu Gladiator on Apr 28, 2022.
             Was a Follower of Dithmenos.
             Mangled by an orc
             ... wielding a +0 morningstar
              (13 damage)
             ... on level 5 of the Dungeon.
             The game lasted 00:05:50 (4867 turns).

Sweeb the Slasher (Tengu Gladiator)                 Turns: 4867, Time: 00:05:50

Health: -9/42      AC:  6    Str: 14    XL:     7   Next: 85%
Magic:  8/8        EV: 10    Int:  9    God:    Dithmenos [*.....]
Gold:   234        SH:  0    Dex: 24    Spells: 6/6 levels left

rFire   . . .      SeeInvis +   a - +0 long sword
rCold   . . .      Faith    +   (no shield)
rNeg    . . .      Spirit   .   k - +1 robe "Peurph" {rElec Dex+4 SInv}
rPois   .          Reflect  .   c - +0 hat
rElec   +          Harm     +   (no cloak)
rCorr   .          Rampage  .   v - +2 pair of gloves "Tuimaf" {Harm Dex+3}
Will    .....                   (boots unavailable)
Stlth   +++.......              A - amulet of faith
HPRegen 0.14/turn               (no ring)
MPRegen 0.11/turn               (no ring)

@: flying quickly and evasively, held, wreathed by umbra, quick
A: beak, talons 3, nimble flight
a: Renounce Religion


You were on level 5 of the Dungeon.
You worshipped Dithmenos.
Dithmenos was aware of your devotion.
You visited 2 branches of the dungeon, and saw 6 of its levels.

You collected 234 gold pieces.

Inventory:

Hand Weapons
 a - a +0 long sword (weapon)
 i - a +0 great sword
Missiles
 d - 2 throwing nets (quivered)
 e - 8 javelins
Armour
 b - a +0 leather armour
 c - a +0 hat (worn)
 k - the +1 robe "Peurph" (worn) {rElec Dex+4 SInv}
   (You found it on level 4 of the Dungeon)

   Dex:       It affects your dexterity (+4).
   rElec:     It insulates you from electricity.
   SInv:      It lets you see invisible.
 v - the +2 pair of gloves "Tuimaf" (worn) {Harm Dex+3}
   (You found it on level 3 of the Dungeon)

   Dex:       It affects your dexterity (+3).
   Harm:      It increases damage dealt and taken.
Jewellery
 A - an amulet of faith (around neck)
Scrolls
 g - 3 scrolls of enchant weapon {unknown}
 j - 3 scrolls of fog
 m - 2 scrolls of teleportation {unknown}
 o - a scroll of immolation {unknown}
 p - a scroll of holy word {unknown}
 r - 2 scrolls of noise {unknown}
 w - a scroll of vulnerability {unknown}
 y - 2 scrolls of amnesia {unknown}
 z - a scroll of enchant armour {unknown}
 B - a scroll of brand weapon {unknown}
Potions
 f - 4 potions of lignification
 h - a potion of heal wounds
 n - 3 potions of brilliance
 q - a potion of mutation {unknown}
 s - a potion of haste {unknown}
 t - a potion of might {unknown}
 u - a potion of curing {unknown}
 x - a potion of magic {unknown}


   Skills:
 + Level 3.9 Fighting
 * Level 6.3 Long Blades
 - Level 2.0 Throwing
 * Level 6.2 Dodging
 + Level 3.4 Stealth


You had 6 spell levels left.
You didn't know any spells.
Your spell library contained the following spells:

 Spells                   Type           Power      Damage    Failure   Level
 Sandblast                Erth           0%         2d4       38%         1
 Slow                     Hex            0%         N/A       38%         1
 Passwall                 Tmut/Erth      0%         N/A       52%         2
 Confusing Touch          Hex            0%         N/A       77%         3
 Portal Projectile        Hex/Tloc       0%         N/A       77%         3
 Stone Arrow              Conj/Erth      0%         3d7       77%         3
 Vampiric Draining        Necr           0%         2d6       77%         3
 Blade Hands              Tmut           0%         N/A       100%        5
 Excruciating Wounds      Necr           0%         N/A       100%        5


Dungeon Overview and Level Annotations

Branches:
Dungeon (5/15)             Temple (1/1) D:4

Altars:
Dithmenos
Ru
Sif Muna
Trog
Yredelemnul
The Shining One

Shops:
D:2 :   D:3 (


Innate Abilities, Weirdness & Mutations

You have a beak for a mouth.
You have claws for feet.
Your magical nature lets you fly swiftly and evasively.


Message History

You hit the orc wizard but do no damage.
The orc wizard hits you with a +2 dagger of flaming.
The orc wizard burns you. The gnoll misses you.
You hit the orc wizard.
The orc wizard is heavily wounded.
The gnoll closely misses you. The orc wizard casts a spell at you.
The magic dart hits you.
You barely miss the gnoll. Your kick misses the gnoll. You peck the gnoll.
The gnoll is lightly wounded.
The orc wizard misses you. The gnoll closely misses you.
You slash the gnoll!
You kill the gnoll!
Dithmenos accepts your kill. The orc wizard closely misses you.
The adder misses you.
You slash the adder!
You kill the adder!
Dithmenos accepts your kill.
The orc wizard hits you with a +2 dagger of flaming.
The orc wizard burns you.
You barely miss the orc wizard.
You claw the orc wizard, but do no damage.
The orc wizard is heavily wounded.
The orc wizard points at you and mumbles some strange words.
The magic dart hits you. The orc misses you. The gnoll closely misses you.
The orc wizard closely misses you. The orc completely misses you.
A gnoll comes into view. It is wielding a +0 halberd.
You slash the orc wizard!
You kill the orc wizard!
Dithmenos accepts your kill.
A gnoll comes into view. It is wielding a +0 flail.
The gnoll throws a throwing net.
The throwing net hits you.
You become entangled in the net!
An iguana comes into view.
The orc hits you with a +0 morningstar!
You struggle against the net.
The gnoll hits you from afar with a +0 halberd!
* * * LOW HITPOINT WARNING * * *
The orc hits you with a +0 morningstar!
You die...

#.#...)......###)##..###.#
#.#.####.##..(...)......##
#.#.#
#.###.#####.#.#.######
#.#.## #.# #.#
##.......... #....###.#
#.# ##.########
#####........# #.# #.#
....†........# #.# #.#
.####........# #)# #.#
##.........###@# #.#
#..........Oso)# #.#
#.........g###g# #..
#.#)....l..# #og. ...
#.#.#......# #####
#.##.##.##.# #. ## #)# #
#.# #.#


You could see an ogre, a scorpion, an iguana (wandering), 3 gnolls and 2 orcs.

Vanquished Creatures
  2 ogres (D:4)
  A kobold brigand (D:5)
  6 hounds
  A jelly (D:4)
  An iguana (D:4)
  3 orc wizards (D:5)
  2 gnolls (D:5)
  11 adders
  4 dart slugs
  13 orcs
  4 endoplasms
  5 giant cockroaches
  10 goblins
  6 hobgoblins
  14 kobolds
  5 quokkas
  12 ball pythons
  3 bats
  5 frilled lizards
  4 rats
112 creatures vanquished.

Notes
Turn   | Place    | Note
-------+----------+-------------------------------------------
     0 | D:1      | Sweeb the Tengu Gladiator began the quest for the Orb.
     0 | D:1      | Reached XP level 1. HP: 12/12 MP: 2/2
    30 | D:1      | Reached XP level 2. HP: 4/17 MP: 3/3
   802 | D:1      | Reached XP level 3. HP: 21/21 MP: 4/4
   810 | D:1      | Found a faded altar of an unknown god.
   831 | D:1      | Reached skill level 1 in Stealth
  1589 | D:2      | Found Guin's Book Shoppe.
  1656 | D:2      | Reached XP level 4. HP: 14/27 MP: 5/5
  2106 | D:2      | Gained mutation: Your magical nature lets you fly swiftly
                  | and evasively. [Tengu growth]
  2106 | D:2      | Reached XP level 5. HP: 29/31 MP: 6/6
  2815 | D:3      | Found Dafott's Weapon Emporium.
  3105 | D:3      | Identified the +2 pair of gloves "Tuimaf" {Harm Dex+3}
  3474 | D:4      | Reached skill level 5 in Long Blades
  3474 | D:4      | Reached XP level 6. HP: 31/36 MP: 7/7
  3477 | D:4      | Reached skill level 5 in Dodging
  3928 | D:4      | Reached XP level 7. HP: 41/41 MP: 8/8
  4101 | D:4      | Found a staircase to the Ecumenical Temple.
  4123 | Temple   | Entered the Ecumenical Temple
  4135 | Temple   | Became a worshipper of Dithmenos the Shadowed
  4503 | D:4      | Identified the +1 robe "Peurph" {rElec Dex+4 SInv}
  4715 | D:5      | Entered Level 5 of the Dungeon
  4848 | D:5      | Reached * piety under Dithmenos
  4867 | D:5      | Mangled by an orc

Illustrated notes

Levels and vault maps discovered:
D:1:      grunt_arrival_lava_bath, layout_basic,
          shapermc_ecumenical_altar_pompeii, minmay_tetromino_t4
D:2:      layout_rooms, serial_shops, nicolae_square_shop, minmay_tripent
D:3:      layout_loops_corners, serial_shops, shop
D:4:      cheibrodos_barr_body, layout_loops_corners, nrook_mini_backslash
D:5:      minmay_diamond_boxcup, layout_loops_ring, minmay_checkerbox
Temple:   mainiacjoe_temple_coin_purse

Skill      XL: |  1  2  3  4  5  6  7 |
---------------+----------------------+-----
Stealth        | 1 2 3 |  3.4
Long Blades    | 4 5 6 |  6.3
Dodging        | 4 5 6 |  6.2
Fighting       | 3 |  3.9
Throwing       | |  2.0

Action                   |  1- 3 |  4- 6 |  7- 9 || total
-------------------------+-------+-------+-------++-------
Melee: Long sword        |    73 |    95 |    65 ||   233
       Kick              |    18 |    16 |    14 ||    48
       Peck              |     8 |     8 |     8 ||    24
       Punch             |       |     1 |     1 ||     2
Throw: Throwing net      |       |       |     2 ||     2
  Use: Scroll            |       |     4 |     1 ||     5
 Stab: Sleeping          |     3 |     4 |     4 ||    11
       Held in net/web   |       |       |     1 ||     1
Armor: Leather armour    |    13 |    26 |     1 ||    40
       Robe              |       |       |     8 ||     8
Dodge: Dodged            |    54 |   105 |    55 ||   214

Table legend: (Time is in decaauts)
 A = Elapsed time spent in this place.
 B = Non-inter-level travel time spent in this place.
 C = Inter-level travel time spent in this place.
 D = Time resting spent in this place.
 E = Time spent auto-exploring this place.
 F = Levels seen in this place.
 G = Mean time per level.
                   A        B        C        D        E       F      G
               +--------+--------+--------+--------+--------+-----+--------+
         Total |   4708 |   4596 |    112 |   1006 |   2907 |   6 |  784.7 |
       Dungeon |   4686 |   4591 |     95 |   1006 |   2906 |   5 |  937.2 |
        Temple |     22 |      6 |     16 |      0 |      0 |   1 |   22.0 |
               +--------+--------+--------+--------+--------+-----+--------+

Top non-repeatable levels by time:
     D:4: 1390 daAuts
     D:1: 1308 daAuts
     D:2: 1035 daAuts
     D:3: 804 daAuts
     D:5: 147 daAuts
  Temple: 22 daAuts
